 Dungeon Crawl Stone Soup version 0.20.1-1-g8b1a95d (webtiles) character file.

39 JohnnyMnemonic the Ruffian (level 3, 0/31 HPs)
             Began as a Ghoul Monk on July 20, 2017.
             Slain by a goblin (3 damage)
             ... led by Robin
             ... on level 2 of the Dungeon.
             The game lasted 00:01:31 (916 turns).

JohnnyMnemonic the Ruffian (Ghoul Monk)              Turns: 916, Time: 00:01:31

Health: 0/31       AC:  5    Str: 14 (15) XL:     3   Next: 45%
Magic:  2/2        EV: 11    Int:  4 (5)  God:
Gold:   116        SH:  0    Dex:  8 (11) Spells: 2/2 levels left

rFire    . . .     SeeInvis .     - Unarmed
rCold    + . .     Gourm    .   (no shield)
rNeg     + + +     Faith    .   g - +0 ring mail
rPois    ∞         Spirit   .   (no helmet)
rElec    .         Reflect  .   (no cloak)
rCorr    .         Harm     .   (no gloves)
MR       .....     Rnd*Tele +   (no boots)
Stlth    +.........             (no amulet)
Regen    0.0/turn               j - ring of teleportation (curse)
MPRegen  0.1/turn               (no ring)

@: rotting
A: rotting body, claws 1, carnivore 3, cold resistance 1, negative energy
resistance 3, inhibited regeneration, torment resistance, unbreathing
a: no special abilities


You were on level 2 of the Dungeon.
You were not hungry.

You visited 1 branch of the dungeon, and saw 2 of its levels.

You collected 116 gold pieces.

Inventory:

Armour
 g - a +0 ring mail (worn)
Jewellery
 j - a cursed ring of teleportation (left claw)
Scrolls
 a - 2 scrolls of recharging {unknown}
 h - 5 scrolls of identify {unknown}
 k - 2 scrolls of amnesia {unknown}
Potions
 c - a potion of curing {unknown}
 d - a potion of haste
 e - a potion of mutation {unknown}
Books
 l - a book of Minor Magic

   Spells                             Type                      Level
   a - Magic Dart                     Conjuration                  1
   b - Blink                          Translocation                2
   c - Call Imp                       Summoning                    2
   d - Slow                           Hexes                        2
   e - Conjure Flame                  Conjuration/Fire             3
   f - Mephitic Cloud                 Conjuration/Poison/Air       3
Comestibles
 b - 2 meat rations
 m - 2 fruits
 n - a bread ration


   Skills:
 - Level 3.2 Fighting
 - Level 2.6 Dodging
 - Level 2.1 Stealth
 + Level 4.8 Unarmed Combat


You had 2 spell levels left.
You didn't know any spells.

Dungeon Overview and Level Annotations

Branches:
Dungeon (2/15)

Altars:

Annotations:
D:2 Robin


Innate Abilities, Weirdness & Mutations

Your body is rotting away.
You thrive on raw meat.
You are immune to poison.
You have sharp fingernails.
You are carnivorous and can eat meat at any time.
Your flesh is cold resistant. (rC+)
You are immune to negative energy. (rN+++)
You do not regenerate when monsters are visible.
You are immune to unholy pain and torment.
You can survive without breathing.


Message History

The hobgoblin barely misses you.
You closely miss the goblin. Your claw misses the goblin.
The goblin is severely wounded.
The goblin hits you but does no damage.
You miss the goblin.
The goblin is severely wounded.
The goblin hits you with a club. The hobgoblin hits you with a club.
* * * LOW HITPOINT WARNING * * *
The goblin hits you.
* * * LOW HITPOINT WARNING * * *
Okay, then.
The goblin closely misses you.
It was a potion of degeneration.
There was something very wrong with that liquid.
You feel weakened.
You feel dopey.
You feel clumsy.
The goblin no longer looks unusually strong.
The goblin hits you with a club.
* * * LOW HITPOINT WARNING * * *
The goblin hits you.
You die...

####........######.#
#
#............##.#.#
######'#####.##.#.#
#............# #####
#######.##)####
..... ....<......+
#####
##########.####
....g ......grgg.#
##### ......gg#@.#
......gg#!.# ###
....###.#..# ..# ...
#.#..# ..#### ..
#.#).# .....#
#......#....#.#
..##.#
#......##...#.
..##.# #......##....
####.# #......##...#


You could see Robin, a quokka and 2 goblins.

Vanquished Creatures
  An adder (D:2)
  A dart slug (D:1)
  A bat (D:1)
  A giant cockroach (D:1)
  9 goblins
  4 hobgoblins (D:1)
  A quokka (D:2)
  A frilled lizard (D:2)
  4 kobolds
  2 rats
25 creatures vanquished.

Notes
Turn   | Place    | Note
-------+----------+-------------------------------------------
     0 | D:1      | JohnnyMnemonic the Ghoul Monk began the quest for the Orb.
     0 | D:1      | Reached XP level 1. HP: 19/19 MP: 0/0
   160 | D:1      | Reached XP level 2. HP: 23/26 MP: 1/1
   165 | D:1      | Reached skill level 4 in Unarmed Combat
   856 | D:2      | Reached XP level 3. HP: 28/31 MP: 2/2
   886 | D:2      | Noticed Robin
   916 | D:2      | Slain by a goblin

Skill      XL: |  1  2 |
---------------+-------+-----
Unarmed Combat | 4 |  4.8
Fighting       | |  3.2
Dodging        | |  2.6
Stealth        | |  2.1

Action                   || total
-------------------------++-------
Melee: Unarmed           ||    88
  Use: Potion            ||     1
  Eat: Chunk             ||     7
Armor: Robe              ||     5
       Ring mail         ||    33
       Leather armour    ||     1
Dodge: Dodged            ||    73
